 Dungeon Crawl Stone Soup version 0.28.0-45-g0d030f2227 (webtiles) character file.

Game seed: 17526543155044787121

625 101zpm the Magician (level 7, -9/47 HPs)
             Began as a Djinni Ice Elementalist on Apr 11, 2022.
             Mangled by Pikel
             ... wielding a +2 whip of electrocution
              (12 damage)
             ... on level 5 of the Dungeon.
             The game lasted 00:10:47 (4132 turns).

101zpm the Magician (Djinni Ice Elementalist)       Turns: 4132, Time: 00:10:48

Health: -9/47      AC:  2    Str:  7    XL:     7   Next: 76%
Gold:   108        EV: 13    Int: 18    God:
                   SH:  0    Dex: 14

rFire   + + .      SeeInvis .   (no weapon)
rCold   x . .      Faith    .   (no shield)
rNeg    . . .      Spirit   .   a - +0 robe
rPois   ∞          Reflect  .   (no helmet)
rElec   .          Harm     .   (no cloak)
rCorr   .          Rampage  .   (no gloves)
Will    .....                   (boots unavailable)
Stlth   ++........              (no amulet)
HPRegen 0.15/turn               (no ring)
MPRegen 0.00/turn               (no ring)

@: freezing walls, flying
A: sickness immunity, fire resistance 2, cold vulnerability 1, float, innate
caster, HP casting, extra vitality 1
a: no special abilities


You were on level 5 of the Dungeon.
You visited 1 branch of the dungeon, and saw 5 of its levels.

You collected 108 gold pieces.

Inventory:

Hand Weapons
 j - the +7 falchion of Ihigesai {vorpal, rElec rF++ Dex-2 SInv}
   (You found it on level 5 of the Dungeon)

   It inflicts extra damage upon your enemies.
   Dex:       It affects your dexterity (-2).
   rF:        It greatly protects you from fire.
   rElec:     It insulates you from electricity.
   SInv:      It lets you see invisible.
Missiles
 g - a throwing net
Armour
 a - a +0 robe (worn)
Scrolls
 d - 3 scrolls of identify {unknown}
 e - 2 scrolls of vulnerability {unknown}
 f - a scroll of magic mapping {unknown}
 i - a scroll of amnesia {unknown}
 k - a scroll of torment {unknown}
Potions
 b - a potion of degeneration {unknown}
 c - a potion of heal wounds {unknown}
 h - a potion of haste {unknown}


   Skills:
 + Level 1.0 Fighting
 + Level 3.7 Dodging
 + Level 2.7 Stealth
 + Level 6.1 Spellcasting


You had 2 spell levels left.
You knew the following spells:

 Your Spells              Type           Power      Damage    Failure   Level
a - Freeze                Ice            100%       1d11      1%          1
b - Frozen Ramparts       Ice            54%        1d7       2%          3
c - Ozocubu's Armour      Ice            27%        N/A       2%          3
d - Hailstorm             Conj/Ice       27%        3d7       10%         4
e - Magic Dart            Conj           100%       1d8       1%          1
f - Scorch                Fire           54%        2d7       1%          2
g - Blink                 Tloc           54%        N/A       1%          2
Your spell library was empty.

Dungeon Overview and Level Annotations

Branches:
Dungeon (5/15)
 Temple: D:4-7

Altars:
Elyvilon

Annotations:
D:2 Robin
D:3 Sigmund
D:5 Pikel


Innate Abilities, Weirdness & Mutations

You are immune to sickness and miasma.
You are immune to poison.
Your flesh is very heat resistant. (rF++)
You are vulnerable to cold. (rC-)
You float through the air rather than walking.
You learn spells naturally, not from books.
Your magical power is your life essence.
You have superior vitality. (+4 MHP)


Message History

The walls around you are covered in ice.
Casting: Frozen Ramparts (dangerous; 2% risk of failure)
Confirm with . or Enter, or press ? or * to list all spells.
You can't see any susceptible monsters within range! (Use Z to cast anyway.)
Casting: Frozen Ramparts (dangerous; 2% risk of failure)
Confirm with . or Enter, or press ? or * to list all spells.
Aiming: Magic Dart (safe; 1% risk of failure)
Press: ? - help, Shift-Dir - straight line, f - Pikel
Aim: Pikel, wielding a +2 whip of electrocution and wearing a +0 robe (100% to hit)
The magic dart hits Pikel.
Pikel is lightly wounded.
Casting: Magic Dart (safe; 1% risk of failure)
Confirm with . or Enter, or press ? or * to list all spells.
Flames lash Pikel.
Pikel is moderately wounded.
Pikel's fire resistance burns away.
Casting: Scorch (safe; 1% risk of failure)
Confirm with . or Enter, or press ? or * to list all spells.
Flames lash Pikel.
Pikel is burned terribly!
Pikel is heavily wounded.
The wall freezes Pikel.
Casting: Scorch (safe; 1% risk of failure)
Confirm with . or Enter, or press ? or * to list all spells.
Flames lash the lemure.
The lemure is lightly wounded.
The lemure's fire resistance burns away.
A lemure comes into view.
The wall freezes Pikel.
Pikel hits you with a +2 whip of electrocution!
You are electrocuted!
* * * LOW HITPOINT WARNING * * *
Casting: Scorch (safe; 1% risk of failure)
Confirm with . or Enter, or press ? or * to list all spells.
Flames lash Pikel.
Pikel is burned terribly!
Pikel is severely wounded.
* * * LOW HITPOINT WARNING * * *
The wall freezes the lemure!
The wall freezes Pikel.
Pikel says, "You'll feel the lick of my whip!"
Pikel hits you with a +2 whip of electrocution!
You die...

#.# #.# ## #.###.#### #.#
#. #........# #.# #<
#........# #.# #.
#...5....#######.# #.
#.............##.# #.
##.......####.##.###### #.
#......5K.#...#.##...####.
#.......#@................
###########..<#.##...###..
#####.###.......
#........... ############


You could see Pikel (combustible) and 2 lemures.

Vanquished Creatures
  A black bear (D:4)
  A sky beast (D:5)
  A bullfrog (D:5)
  A gnoll sergeant (D:5)
  A water moccasin skeleton (D:4)
  A bullfrog zombie (D:5)
  A centaur zombie (D:5)
  A hound (D:4)
  An iguana (D:5)
  Jessica (D:3)
  2 hound skeletons (D:5)
  4 gnolls (D:5)
  An adder (D:3)
  An adder skeleton (D:4)
  3 worms
  An orc (D:3)
  5 ball pythons
  2 endoplasms (D:4)
  2 giant cockroaches
  5 goblins
  5 hobgoblins
  2 jackals (D:2)
  3 quokkas
  4 bats
  2 frilled lizards
  2 kobolds
  2 rats
56 creatures vanquished.

Vanquished Creatures (others)
  2 plants (D:4)
2 creatures vanquished.

Grand Total: 58 creatures vanquished

Notes
Turn   | Place    | Note
-------+----------+-------------------------------------------
     0 | D:1      | 101zpm the Djinni Ice Elementalist began the quest for the
                  | Orb.
     0 | D:1      | Reached XP level 1. HP: 15/15 MP: 0/0
   239 | D:2      | Reached XP level 2. HP: 16/21 MP: 0/0
   515 | D:2      | Found a white marble altar of Elyvilon.
   767 | D:2      | Noticed Robin
   777 | D:2      | Reached XP level 3. HP: 12/25 MP: 0/0
   777 | D:2      | Learned a level 1 spell: Magic Dart
  1373 | D:4      | Reached skill level 1 in Fighting
  1373 | D:4      | Reached skill level 4 in Spellcasting
  1373 | D:4      | Reached XP level 4. HP: 20/32 MP: 0/0
  1384 | D:4      | Noticed a black bear
  2053 | D:3      | Reached XP level 5. HP: 36/37 MP: 0/0
  2053 | D:3      | Learned a level 2 spell: Scorch
  2116 | D:3      | Noticed Jessica
  2124 | D:3      | Killed Jessica
  2208 | D:3      | Noticed Sigmund
  2946 | D:4      | Killed a black bear
  2947 | D:4      | Reached skill level 5 in Spellcasting
  2947 | D:4      | Reached XP level 6. HP: 23/42 MP: 0/0
  3101 | D:5      | Entered Level 5 of the Dungeon
  3347 | D:5      | Noticed a sky beast
  3355 | D:5      | Killed a sky beast
  3552 | D:5      | Reached XP level 7. HP: 38/47 MP: 0/0
  3552 | D:5      | Learned a level 2 spell: Blink
  3729 | D:5      | Identified the +7 falchion of Ihigesai {vorpal, rElec rF++
                  | Dex-2 SInv}
  4079 | D:5      | Reached skill level 6 in Spellcasting
  4093 | D:5      | Noticed Pikel
  4132 | D:5      | Mangled by Pikel

Illustrated notes

Levels and vault maps discovered:
D:1:      onia_arrival_handbag, layout_rooms, serial_shops, nicolae_shop_crystal
D:2:      layout_loops_ring, basic_altar, hellmonk_ecumenical_altar_zigzags,
          nicolae_figureground_sparkle, uniq_robin
D:3:      layout_loops_cross, uniq_jessica, uniq_sigmund, uniq_natasha
D:4:      layout_cave_pools, minmay_temple_entry_overgrown, grunt_tough_drop
D:5:      layout_loops_ring, uniq_ijyb, uniq_pikel

Skill      XL: |  1  2  3  4  5  6  7 |
---------------+----------------------+-----
Fighting       | 1 |  1.0
Spellcasting   | 4 5 6 |  6.1
Dodging        | 3 |  3.7
Stealth        | 2 |  2.7

Action                   |  1- 3 |  4- 6 |  7- 9 || total
-------------------------+-------+-------+-------++-------
Melee: Unarmed           |     5 |       |       ||     5
 Cast: Freeze            |    32 |       |       ||    32
       Magic Dart        |    11 |    70 |     5 ||    86
       Scorch            |       |    10 |    22 ||    32
       Frozen Ramparts   |       |     3 |     3 ||     6
       Blink             |       |       |     1 ||     1
Armor: Robe              |     8 |     2 |       ||    10
Dodge: Dodged            |    29 |     4 |     7 ||    40
